Zazza, neutral female human Tourist ---------- ` .........| --------------------------------- |.......!| |.........[..[......(...........-# |....<...| |.----...(-----o----|--..-----..|# -.-------- |.|..|---.|...-@-..|..|..|(((|..|# ##### |.|..|((|.|.@.|h|..|..|..|$((|..|# # |.-|-|$.|.|...|.--------.|...|..|# # |....|.=|.|[..|....-...|.-|---..|### # | |.{..-|--.----|....|...|...[....| # -----# |......... ...........-..||--.-----..-----.| ###|...|# | |....-|--..|..|..|........-...|.| #.....# |.-|-|..|.----|..|-|--....|%$.|.| |...|`## |.|..|..|.|!..|--|...|---.-----.| [ |.... |.|..|---.-...|..|...|..-.......| |...| |.|..|....|$[.|..|...|..|.......| ----- |.----....-----|---------.....{.| |...............................| --------------------------------- Zazza the Excursionist Experience level: 7 Strength: 25 Dexterity: 11 Constitution: 16 Intelligence: 11 Wisdom: 11 Charisma: 14 Health: 0(64) Energy: 24(24) Def: 10 Gold: 0 Moves: 4230 Dungeon seed: Utgmj_DnxY1Sf15R Game ID: Zazza_1575893051 Your Inventory: Weapons a - 30 +2 darts E - 13 +0 daggers H - a +1 elven dagger named bim (weapon in hand) Armor n - an uncursed +0 dwarvish iron helm (being worn) q - an uncursed very rusty +0 pair of gauntlets of power (being worn) y - an uncursed +0 pair of iron shoes (being worn) F - an uncursed +0 dwarvish mithril-coat (being worn) N - an uncursed +0 dwarvish cloak (being worn) Comestibles g - 7 uncursed food rations J - an uncursed tin of spinach M - an uncursed lichen corpse O - an uncursed egg P - an uncursed cram ration U - 3 uncursed tripe rations V - 2 uncursed pears Potions i - an uncursed potion of extra healing Wands Z - a wand of make invisible (0:5) Tools k - an expensive camera (0:95) l - an uncursed credit card m - an uncursed mirror o - 4 uncursed wax candles (0:400) s - an uncursed blindfold u - a cursed tallow candle (0:200) w - an uncursed magic whistle Q - an uncursed skeleton key R - 22 uncursed tallow candles (0:200) Gems G - an uncursed fluorite stone K - 2 uncursed worthless pieces of yellow glass W - an uncursed worthless piece of black glass Y - an uncursed worthless piece of blue glass Spells and supernatural/magical abilities: Name Level Category Fail Memory P - polymorph 6 matter 100% 82% W - pray for help -- divine ? -- Your skills at the end: Fighting Skills Weapon Skills dagger [Basic] dart [Basic] Spellcasting Skills Final Attributes: You were piously aligned. You were telepathic. You were lucky. You are dead. Vanquished creatures: a gnome king a lizard a housecat an imp a wood nymph 8 Mordor orcs 9 gnome lords 3 gnomish wizards a gray ooze a paper golem 2 floating eyes 8 dwarves a kobold lord a monkey 3 killer bees a gas spore 3 hobbits a large kobold 2 hobgoblins a giant rat 2 cave spiders a red mold 28 gnomes 3 garter snakes 5 jackals a fox a kobold 5 sewer rats 6 grid bugs 5 lichens 2 newts 109 creatures vanquished. Voluntary challenges: You used a wielded weapon 92 times, starting on turn 988. You read items or engraved 51 times, starting on turn 485. You never genocided any monsters. You never polymorphed an object. You never changed form. You used no wishes. You never split a pudding. You never wrote Elbereth's name. You violated your moral code, losing 10 points of alignment, starting on turn 1468. Dungeon overview: The Dungeons of Doom: levels 1 to 2 Level 1 some fountains a long staircase Level 2 a fountain stairs to The Gnomish Mines The Gnomish Mines: levels 3 to 6 Level 3 stairs to The Dungeons of Doom Level 4 Level 5 Level 6 <- You were here many shops, a temple to The Lady, some fountains History has recorded: On T:1 you entered the Dungeons of Doom to retrieve the Amulet of Yendor! On T:381 you reached level 2 of The Dungeons of Doom. On T:653 you advanced to experience level 2. On T:753 you reached level 1 of The Gnomish Mines. On T:815 you advanced to experience level 3. On T:937 you advanced to experience level 4. On T:1346 you advanced to experience level 5. On T:1564 you reached level 2 of The Gnomish Mines. On T:2287 you reached level 3 of The Gnomish Mines. On T:2297 you advanced to experience level 6. On T:2957 you reached level 4 of The Gnomish Mines. On T:3498 you advanced to experience level 7. Score breakdown: Gold: 0 ( 0 points) Experience: 7 levels (13645 points) Exploration: 6 levels ( 12.24%) ( 9682 points) Discoveries: 20 items ( 6.71%) ( 7771 points) Valuables value: (no points given unless you survive) Artifact value: 0 ( 0 points) Variety of kills: 31 monsters ( 8.14%) ( 8557 points) Turncount: 4230 turns (-1107 points) Survival: died (score multiplied by 80%) Total score: 30838 Latest messages: The goblin misses. The bugbear hits! The goblin misses. The bugbear hits! (2x) The goblin misses. The bugbear hits! The goblin hits! The bugbear misses. The bugbear hits! The goblin misses. The bugbear hits! The goblin hits! The bugbear just misses! The bugbear misses. The goblin hits! The bugbear just misses! The goblin misses. The bugbear hits! The bugbear misses. The goblin misses. The bugbear hits! You die... Final status: Aloha Zazza the Tourist, killed by a bugbear... You died in The Gnomish Mines on dungeon level 6 with 30838 points, and 0 pieces of gold, after 4230 moves. You were level 7 with a maximum of 64 hit points when you died.